3AAA
ALASKAN HUMPBACKS @ VERMONT LAKE MONSTERS
06/18/2025
 
TOP OF THE 1ST
Alaskan Humpbacks batting - Pitching for Vermont Lake Monsters : RHP Jurgen Sagebrecht
Pitching: RHP Jurgen Sagebrecht
Batting: LHB Bryan Gregg 0-0: Ball
1-0: Ball
2-0: Ball
3-0: Base on Balls
Batting: RHB Jorge Rivera 0-0: Ball
Bryan Gregg is caught stealing 2nd base
1-0: Ball
2-0: Called Strike
2-1: Ball
3-1: Base on Balls
Batting: RHB Dave O'Day 0-0: Ball
1-0: Foul Ball, location: 2F
1-1: Foul Ball, location: 2F
1-2: Ball
2-2: SINGLE (Line Drive, 89S)
Jorge Rivera to second
Batting: LHB Tom Benjamin 0-0: Called Strike
0-1: Ball
1-1: Swinging Strike
1-2: Ball
2-2: SINGLE (Groundball, 4MD)
Jorge Rivera to third
Dave O'Day to second
Runner from 3rd tries for Home, SAFE, no throw
Batting: RHB Ramón Valdéz 0-0: Ball
Dave O'Day is caught stealing 3rd base
Tom Benjamin to second
1-0: Swinging Strike
1-1: Called Strike
1-2: Strikes out swinging
Top of the 1st over - 1 run(s), 2 hit(s), 0 error(s), 1 left on base; Alaskan 1 - Vermont 0
BOTTOM OF THE 1ST
Vermont Lake Monsters batting - Pitching for Alaskan Humpbacks : RHP Mario Ruíz
Pitching: RHP Mario Ruíz
Batting: RHB Rafael Pueblo 0-0: Ball
1-0: Ball
2-0: Ground out U3 (Groundball, 3L)
Batting: LHB Manny Valentín 0-0: Called Strike
0-1: Swinging Strike
0-2: Foul Ball, location: 2F
0-2: Ball
1-2: SINGLE (Line Drive, 4MD)
Batting: RHB Ray John 0-0: Swinging Strike
0-1: Foul Ball, location: 2F
0-2: Strikes out swinging
Batting: RHB Sean MacKnight 0-0: Ball
1-0: Called Strike
1-1: Ball
2-1: Ball
3-1: Fly out, F8 (Flyball, 8LS)
Bottom of the 1st over - 0 run(s), 1 hit(s), 0 error(s), 1 left on base; Alaskan 1 - Vermont 0
TOP OF THE 2ND
Alaskan Humpbacks batting - Pitching for Vermont Lake Monsters : RHP Jurgen Sagebrecht
Batting: LHB Ray Merrill 0-0: Ball
1-0: Ball
2-0: Called Strike
2-1: Fly out, F9 (Flyball, 9S)
Batting: RHB Román Centena 0-0: Foul Ball, location: 2F
0-1: Ball
1-1: Ball
2-1: Swinging Strike
2-2: Ball
3-2: Base on Balls
Batting: SHB Francisco Reyes 0-0: Ball
1-0: Foul Ball, location: 2F
1-1: SINGLE (Line Drive, 7LS)
Román Centena to second
Batting: RHB Adrian Barr 0-0: Ball
1-0: Foul Ball, location: 2F
1-1: Ball
2-1: Ball
3-1: Foul Ball, location: 2F
3-2: Foul Ball, location: 2F
3-2: Fly out, F8 (Flyball, 8RS)
Lined into DP, 8-6 (Flyball, 8RS)
Top of the 2nd over - 0 run(s), 1 hit(s), 0 error(s), 1 left on base; Alaskan 1 - Vermont 0
BOTTOM OF THE 2ND
Vermont Lake Monsters batting - Pitching for Alaskan Humpbacks : RHP Mario Ruíz
Batting: RHB Bronson Nicholls 0-0: Ball
1-0: Fly out, F3 (Popup, 3L)
Batting: RHB Domenic Gallard 0-0: Called Strike
0-1: Ball
1-1: Ball
2-1: Reached on error, E4 (Groundball, 4)
Batting: RHB Barkley B. Cooltimes 0-0: Swinging Strike
0-1: Ground out 6-3 (Groundball, 6M)
Domenic Gallard to third
Batting: RHB Teddy Pelham 0-0: Called Strike
0-1: Swinging Strike
0-2: Ball
1-2: Fly out, F9 (Flyball, 9S)
Bottom of the 2nd over - 0 run(s), 0 hit(s), 1 error(s), 1 left on base; Alaskan 1 - Vermont 0
TOP OF THE 3RD
Alaskan Humpbacks batting - Pitching for Vermont Lake Monsters : RHP Jurgen Sagebrecht
Batting: LHB Bryan Gregg 0-0: Ball
1-0: Foul Ball, location: 2F
1-1: Ball
2-1: Ball
3-1: Base on Balls
Batting: RHB Jorge Rivera 0-0: SINGLE (Line Drive, 6M)
Bryan Gregg to second
Batting: RHB Dave O'Day 0-0: Ball
1-0: Swinging Strike
1-1: Grounds into double play, 6-4-3 (Groundball, 6)
Bryan Gregg to third
Batting: LHB Tom Benjamin 0-0: Ball
1-0: Called Strike
1-1: Ball
2-1: Ball
3-1: Base on Balls
Batting: RHB Ramón Valdéz 0-0: Foul Ball, location: 2F
0-1: Called Strike
0-2: Ball
1-2: Foul Ball, location: 2F
1-2: Fly out, F9 (Flyball, 9S)
Top of the 3rd over - 0 run(s), 1 hit(s), 0 error(s), 2 left on base; Alaskan 1 - Vermont 0
BOTTOM OF THE 3RD
Vermont Lake Monsters batting - Pitching for Alaskan Humpbacks : RHP Mario Ruíz
Batting: RHB Fernando Castro 0-0: Foul Ball, location: 2F
0-1: Foul Ball, location: 2F
0-2: Strikes out looking
Batting: RHB Rafael Pueblo 0-0: Fly out, F8 (Flyball, 89D)
Batting: LHB Manny Valentín 0-0: Ball
1-0: Ball
2-0: Called Strike
2-1: Ball
3-1: Foul Ball, location: 2F
3-2: Ground out 3-1 (Groundball, 34)
Bottom of the 3rd over - 0 run(s), 0 hit(s), 0 error(s), 0 left on base; Alaskan 1 - Vermont 0
TOP OF THE 4TH
Alaskan Humpbacks batting - Pitching for Vermont Lake Monsters : RHP Jurgen Sagebrecht
Batting: LHB Ray Merrill 0-0: Called Strike
0-1: Ball
1-1: Ball
2-1: Swinging Strike
2-2: Ground out 3-1 (Groundball, 34)
Batting: RHB Román Centena 0-0: Ball
1-0: Ground out 6-3 (Groundball, 56)
Batting: SHB Francisco Reyes 0-0: Ball
1-0: Ball
2-0: Ground out 4-3 (Groundball, 4)
Top of the 4th over - 0 run(s), 0 hit(s), 0 error(s), 0 left on base; Alaskan 1 - Vermont 0
BOTTOM OF THE 4TH
Vermont Lake Monsters batting - Pitching for Alaskan Humpbacks : RHP Mario Ruíz
Batting: RHB Ray John 0-0: Ball
1-0: Called Strike
1-1: Swinging Strike
1-2: Ball
2-2: Ball
3-2: Foul Ball, location: 2F
3-2: Ground out 6-3 (Groundball, 6)
Batting: RHB Sean MacKnight 0-0: Ball
1-0: Called Strike
1-1: Ground out 1-3 (Groundball, 13)
Batting: RHB Bronson Nicholls 0-0: Ball
1-0: Foul Ball, location: 2F
1-1: Called Strike
1-2: Foul Ball, location: 2F
1-2: Strikes out swinging
Bottom of the 4th over - 0 run(s), 0 hit(s), 0 error(s), 0 left on base; Alaskan 1 - Vermont 0
TOP OF THE 5TH
Alaskan Humpbacks batting - Pitching for Vermont Lake Monsters : RHP Jurgen Sagebrecht
Batting: RHB Adrian Barr 0-0: Foul Ball, location: 2F
0-1: Ground out 5-3 (Groundball, 56)
Batting: LHB Bryan Gregg 0-0: Ball
1-0: Fly out, F8 (Flyball, 78M)
Batting: RHB Jorge Rivera 0-0: Ball
1-0: Called Strike
1-1: Foul Ball, location: 2F
1-2: Foul Ball, location: 2F
1-2: Ball
2-2: Ground out 4-3 (Groundball, 4M)
Top of the 5th over - 0 run(s), 0 hit(s), 0 error(s), 0 left on base; Alaskan 1 - Vermont 0
BOTTOM OF THE 5TH
Vermont Lake Monsters batting - Pitching for Alaskan Humpbacks : RHP Mario Ruíz
Batting: RHB Domenic Gallard 0-0: Ball
1-0: Ball
2-0: Called Strike
2-1: Called Strike
2-2: Foul Ball, location: 2F
2-2: Foul Ball, location: 2F
2-2: Foul Ball, location: 2F
2-2: Ground out U3 (Groundball, 3S)
Batting: RHB Barkley B. Cooltimes 0-0: Ball
1-0: Foul Ball, location: 2F
1-1: Ground out 4-3 (Groundball, 4)
Batting: RHB Teddy Pelham 0-0: Fly out, F9 (Flyball, 9)
Bottom of the 5th over - 0 run(s), 0 hit(s), 0 error(s), 0 left on base; Alaskan 1 - Vermont 0
TOP OF THE 6TH
Alaskan Humpbacks batting - Pitching for Vermont Lake Monsters : RHP Jurgen Sagebrecht
Batting: RHB Dave O'Day 0-0: Foul Ball, location: 2F
0-1: Ball
1-1: Foul Ball, location: 2F
1-2: Ball
2-2: Ball
3-2: Foul Ball, location: 2F
3-2: Strikes out swinging wild pitch, reaches first!
Batting: LHB Tom Benjamin 0-0: Foul Ball, location: 2F
0-1: Ball
1-1: SINGLE (Groundball, 4MD)
Dave O'Day to second
Runner from 2nd tries for 3rd, SAFE, no throw
Batting: RHB Ramón Valdéz 0-0: Called Strike
0-1: Ball
1-1: Ball
2-1: Ball
3-1: Fly out, F7 (Flyball, 7D)
Runner from 3rd tags up, SCORES, no throw
Batting: LHB Ray Merrill 0-0: Ball
1-0: Ball
2-0: Called Strike
2-1: Swinging Strike
2-2: Strikes out swinging
Batting: RHB Román Centena 0-0: Ball
1-0: Ball
2-0: Ball
3-0: Called Strike
3-1: Called Strike
3-2: Base on Balls
Tom Benjamin to second
Batting: SHB Francisco Reyes 0-0: Called Strike
0-1: Swinging Strike
0-2: Fielders Choice at 2nd, 4-6 (Groundball, 4)
Top of the 6th over - 1 run(s), 1 hit(s), 0 error(s), 1 left on base; Alaskan 2 - Vermont 0
BOTTOM OF THE 6TH
Vermont Lake Monsters batting - Pitching for Alaskan Humpbacks : RHP Mario Ruíz
Batting: RHB Fernando Castro 0-0: Called Strike
0-1: Ground out 4-3 (Groundball, 4)
Batting: RHB Rafael Pueblo 0-0: Foul Ball, location: 2F
0-1: Ball
1-1: Ground out 4-3 (Groundball, 4S)
Batting: LHB Manny Valentín 0-0: Ball
1-0: Called Strike
1-1: Called Strike
1-2: Foul Ball, location: 2F
1-2: SINGLE (Groundball, 15) (infield hit)
Batting: RHB Ray John 0-0: Fielders Choice at 2nd, 5-4 (Groundball, 5)
Bottom of the 6th over - 0 run(s), 1 hit(s), 0 error(s), 0 left on base; Alaskan 2 - Vermont 0
TOP OF THE 7TH
Alaskan Humpbacks batting - Pitching for Vermont Lake Monsters : RHP Jurgen Sagebrecht
Batting: RHB Adrian Barr 0-0: Ball
1-0: Swinging Strike
1-1: Called Strike
1-2: Ball
2-2: Foul Ball, location: 2F
2-2: Ball
3-2: Foul Ball, location: 2F
3-2: Ground out 3-1 (Groundball, 34)
Batting: LHB Bryan Gregg 0-0: Ball
1-0: Ground out 4-3 (Groundball, 34)
Batting: RHB Jorge Rivera 0-0: Ball
1-0: Ground out 4-3 (Groundball, 4)
Top of the 7th over - 0 run(s), 0 hit(s), 0 error(s), 0 left on base; Alaskan 2 - Vermont 0
BOTTOM OF THE 7TH
Vermont Lake Monsters batting - Pitching for Alaskan Humpbacks : RHP Mario Ruíz
Batting: RHB Sean MacKnight 0-0: Called Strike
0-1: Fly out, F2 (Popup, 2L)
Batting: RHB Bronson Nicholls 0-0: Called Strike
0-1: Ball
1-1: Swinging Strike
1-2: Ball
2-2: Ball
3-2: Foul Ball, location: 2F
3-2: Base on Balls
Pitching: RHP Jim Unknown
Batting: RHB Domenic Gallard 0-0: Ball
1-0: Ball
2-0: SINGLE (Groundball, 34S) (infield hit)
Bronson Nicholls to second
Batting: RHB Barkley B. Cooltimes 0-0: Ball
1-0: Called Strike
1-1: Called Strike
1-2: Ball
2-2: Foul Ball, location: 2F
2-2: Fly out, F8 (Flyball, 8LM)
Pinch Hitting: SHB Arturo Robles 0-0: Swinging Strike
0-1: Ground out 3-1 (Groundball, 34)
Bottom of the 7th over - 0 run(s), 1 hit(s), 0 error(s), 2 left on base; Alaskan 2 - Vermont 0
TOP OF THE 8TH
Alaskan Humpbacks batting - Pitching for Vermont Lake Monsters : RHP Jurgen Sagebrecht
Pitching: LHP Norberto Quintana
Now at 2B: Arturo Robles
Batting: RHB Dave O'Day 0-0: Fly out, F7 (Flyball, 7D)
Batting: LHB Tom Benjamin 0-0: Swinging Strike
0-1: Ball
1-1: Swinging Strike
1-2: Strikes out swinging
Batting: RHB Ramón Valdéz 0-0: Called Strike
0-1: Ball
1-1: Fly out, F5 (Popup, 56S)
Top of the 8th over - 0 run(s), 0 hit(s), 0 error(s), 0 left on base; Alaskan 2 - Vermont 0
BOTTOM OF THE 8TH
Vermont Lake Monsters batting - Pitching for Alaskan Humpbacks : RHP Jim Unknown
Batting: RHB Fernando Castro 0-0: Ball
1-0: Swinging Strike
1-1: Foul Ball, location: 2F
1-2: Ball
2-2: Ball
3-2: Strikes out swinging, 2-3 out at first.
Batting: RHB Rafael Pueblo 0-0: Ball
1-0: Foul Ball, location: 2F
1-1: Ball
2-1: Ball
3-1: Foul Ball, location: 2F
3-2: SINGLE (Groundball, 4S) (infield hit)
Pitching: LHP Iemochi Tsuchiya
Batting: LHB Manny Valentín 0-0: Called Strike
0-1: Ball
1-1: Called Strike
1-2: Foul Ball, location: 2F
1-2: Foul Ball, location: 2F
1-2: Strikes out looking
Pitching: RHP Wing-tat Ke
Batting: RHB Ray John 0-0: Ball
1-0: Foul Ball, location: 2F
1-1: Ball
2-1: 2-RUN HOME RUN (Flyball, 78XD), Distance : 420 ft
Batting: RHB Sean MacKnight 0-0: Ball
1-0: Fly out, F9 (Flyball, 9LSF)
Bottom of the 8th over - 2 run(s), 2 hit(s), 0 error(s), 0 left on base; Alaskan 2 - Vermont 2
TOP OF THE 9TH
Alaskan Humpbacks batting - Pitching for Vermont Lake Monsters : LHP Norberto Quintana
Pitching: RHP Brian Wheeler
Batting: LHB Ray Merrill 0-0: Ball
1-0: Swinging Strike
1-1: Swinging Strike
1-2: Ball
2-2: SINGLE (Groundball, 4MD)
Batting: RHB Román Centena 0-0: Sac Bunt - play at first, batter OUT! 1-3
Ray Merrill to second
Batting: SHB Francisco Reyes 0-0: Called Strike
Ray Merrill steals 3rd base
0-1: Called Strike
0-2: Foul Ball, location: 2F
0-2: Ball
1-2: Ball
2-2: SINGLE (Line Drive, 78S)
Ray Merrill scores
Pinch Hitting: LHB Jim Unknown 0-0: Ball
1-0: Ball
2-0: Swinging Strike
2-1: Ball
3-1: Foul Ball, location: 2F
3-2: Strikes out swinging
Francisco Reyes is caught stealing 2nd base
Batter strikes out.
Top of the 9th over - 1 run(s), 2 hit(s), 0 error(s), 0 left on base; Alaskan 3 - Vermont 2
BOTTOM OF THE 9TH
Vermont Lake Monsters batting - Pitching for Alaskan Humpbacks : RHP Wing-tat Ke
Pitching: RHP Jim Unknown
Now at C: Steven Grant
Batting: RHB Bronson Nicholls 0-0: Fly out, F8 (Flyball, 8LM)
Pinch Hitting: LHB Reijiro Sato 0-0: Ball
1-0: Foul Ball, location: 2F
1-1: Ball
2-1: Ball
3-1: Base on Balls
Batting: RHB Barkley B. Cooltimes 0-0: Ball
1-0: Ball
2-0: Ball
3-0: Base on Balls
Reijiro Sato to second
Batting: SHB Arturo Robles 0-0: Called Strike
0-1: Fielders Choice at 2nd, 4-6 (Groundball, 4)
Reijiro Sato to third
Pinch Hitting: LHB Tim Hill 0-0: Called Strike
0-1: Fielders Choice at 2nd, 6-4 (Groundball, 6)
Bottom of the 9th over - 0 run(s), 0 hit(s), 0 error(s), 1 left on base; Alaskan 3 - Vermont 2
Friday, December 30th, 2016 - OOTP Baseball 17.12 Build 75